 Dungeon Crawl Stone Soup version 0.26.0-16-gc1dbca0489 (webtiles) character file.

Game seed: 2890699917980750721

24 112233 the Magician (level 3, -1/23 HPs)
             Began as an Octopode Hedge Wizard on Jan 18, 2021.
             Slain by a worm (2 damage)
             ... on level 1 of the Dungeon.
             The game lasted 00:01:10 (1764 turns).

112233 the Magician (Octopode Hedge Wizard)         Turns: 1764, Time: 00:01:11

Health: -1/23      AC:  3    Str:  9    XL:     3   Next: 2%
Magic:  6/8        EV: 13    Int: 17    God:
Gold:   41         SH:  0    Dex: 11    Spells: 8/9 levels left

rFire    . . .     SeeInvis .   a - +0 dagger
rCold    . . .     Faith    .   (no shield)
rNeg     . . .     Spirit   .   g - +2 hat
rPois    .         Reflect  .   (no amulet)
rElec    .         Harm     .   (no ring)
rCorr    .         Rampage  .   (no ring)
Will     .....                  (no ring)
Stlth    +++.......             (no ring)
HPRegen  0.07/turn              (no ring)
MPRegen  0.11/turn              (no ring)
                                (no ring)
                                (no ring)

@: no status effects
A: almost no armour, stealthy swim, amphibious, 8 rings, constrict 8, camouflage
1, gelatinous body 1
a: no special abilities


You were on level 1 of the Dungeon.
You visited 1 branch of the dungeon, and saw 2 of its levels.

You collected 41 gold pieces.

Inventory:

Hand Weapons
 a - a +0 dagger (weapon)
Missiles
 i - 13 poisoned darts
 l - 2 atropa-tipped darts
Armour
 b - a +0 hat
 g - a +2 hat (worn)
Scrolls
 d - a scroll of immolation {unknown}
 e - a scroll of teleportation {unknown}
 f - a scroll of remove curse {unknown}
 h - 3 scrolls of identify {unknown}
 n - a scroll of fog {unknown}
Potions
 c - a potion of ambrosia {unknown}
 j - a potion of brilliance {unknown}
 k - a potion of invisibility {unknown}
 m - a potion of degeneration {unknown}
 o - a potion of curing {unknown}


   Skills:
 + Level 1.0 Fighting
 + Level 2.4 Dodging
 - Level 2.6 Stealth
 * Level 3.5 Spellcasting
 - Level 1.0 Conjurations
 - Level 1.0 Summonings
 - Level 1.0 Translocations


You had 8 spell levels left.
You knew the following spells:

 Your Spells              Type           Power        Failure   Level
a - Magic Dart            Conj           24%          11%         1

Your spell library contained the following spells:

 Spells                   Type           Power        Failure   Level
 Blink                    Tloc           N/A          17%         2
 Call Imp                 Summ           6%           17%         2
 Slow                     Hex            2%           26%         2
 Conjure Flame            Conj/Fire      4%           38%         3
 Mephitic Cloud           Conj/Pois/Air  4%           41%         3


Dungeon Overview and Level Annotations

Branches:
Dungeon (2/15)

Altars:

Annotations:
D:1 exclusion: downstairs
D:2 Sigmund


Innate Abilities, Weirdness & Mutations

You cannot wear most types of armour.
You are very stealthy in the water. (Stealth+)
You are amphibious.
You can wear up to eight rings at the same time.
You can use your tentacles to constrict eight enemies at once.
Your skin changes colour to match your surroundings (Stealth+).
Your rubbery body absorbs attacks. (AC +1, EV +1)


Message History

Aim: a worm (0% to evade)
The magic dart hits the worm.
Unknown command.
Casting: Magic Dart (safe; 11% risk of failure)
Aiming: Magic Dart (safe; 11% risk of failure)
Aim: a worm (lightly wounded, 0% to evade)
The magic dart hits the worm but does no damage.
The worm bites you.
You barely miss the worm. You grab the worm. You constrict the worm.
You hit the worm. You constrict the worm. The worm bites you!
You are too injured to fight recklessly!
You release your grip on the worm.
The worm bites you!
* * * LOW HITPOINT WARNING * * *
You climb upwards.
Level annotation: exclusion: downstairs
There is a stone staircase leading down here.
Unknown command.
Unknown command.
The worm bites you.
You die...

#....... #.#..(..
#.#.#... #.#.#.##
#.#.#.# #.#.#.#
###########.#.#.#
###...........#.#.##
#..@................
#>w.................
###.#############.##
#.#...........#.#
#......)......#.#
###.###########.#
#.# #......## #.#
#.......# #.#
#.......#


You could see a worm.

Vanquished Creatures
  2 dart slugs (D:1)
  6 goblins (D:1)
  3 hobgoblins (D:1)
  3 kobolds
  5 rats (D:1)
19 creatures vanquished.

Notes
Turn   | Place    | Note
-------+----------+-------------------------------------------
     0 | D:1      | 112233 the Octopode Hedge Wizard began the quest for the
                  | Orb.
     0 | D:1      | Reached XP level 1. HP: 11/11 MP: 4/4
    82 | D:2      | Noticed Sigmund
   385 | D:1      | Reached XP level 2. HP: 18/18 MP: 3/6
  1563 | D:1      | Reached skill level 1 in Fighting
  1563 | D:1      | Reached XP level 3. HP: 23/23 MP: 0/8
  1713 | D:2      | Noticed an ogre
  1761 | D:2      | HP: 1/23 [worm (10)]
  1764 | D:1      | Slain by a worm

Illustrated notes

Levels and vault maps discovered:
D:1:      dpeg_arrival_windows_large_door, layout_basic
D:2:      layout_rooms, uniq_robin, uniq_sigmund, uniq_crazy_yiuf_cottage

Skill      XL: |  1  2 |
---------------+-------+-----
Fighting       | 1 |  1.0
Dodging        | |  2.4
Stealth        | |  2.6
Spellcasting   | |  3.5
Conjurations   | |  1.0
Summonings     | |  1.0
Translocations | |  1.0

Action                   || total
-------------------------++-------
Melee: Dagger            ||     8
       Constrict         ||     3
 Cast: Magic Dart        ||    50
 Stab: Sleeping          ||     1
Dodge: Dodged            ||    11
